 Dungeon Crawl Stone Soup version 0.31-a0-1165-g196b491b36 (webtiles) character file.

Game seed: 4022373330160070017

1246 dialectric the Covered (level 8, -1/73 HPs)
             Began as a Minotaur Fighter on Dec 10, 2023.
             Succumbed to a water moccasin's poison
             ... on level 5 of the Dungeon.
             The game lasted 00:03:28 (4199 turns).

dialectric the Covered (Minotaur Fighter)           Turns: 4199, Time: 00:03:29

Health: -1/73      AC: 11    Str: 19 (21) XL:     8   Next: 25%
Magic:  7/7        EV: 11    Int:  3 (5)  God:
Gold:   133        SH:  0    Dex: 10 (12) Spells: 7/7 levels left

rFire   . . .        k - +2 short sword (venom)
rCold   . . .        (no shield)
rNeg    . . .        b - +0 scale mail
rPois   .            (helmet restricted)
rElec   .            (no cloak)
rCorr   .            (no gloves)
SInv    .            h - +2 pair of boots
Will    .....        (no amulet) Stlth
                     (no ring)
HPRegen 0.32/turn    (no ring)
MPRegen 0.10/turn

%: no passive effects
@: lethally poisoned (-1 -> -23), attractive, hasted, very quick
A: horns 2, retaliatory headbutt
a: no special abilities


You were on level 5 of the Dungeon.
You visited 1 branch of the dungeon, and saw 5 of its levels.

You collected 133 gold pieces.

Inventory:

Hand Weapons
 a - a +0 long sword
 k - a +2 short sword of venom (weapon)
Armour
 b - a +0 scale mail (worn)
 c - a +0 buckler
 d - a +0 plate armour
 h - a +2 pair of boots (worn)
Jewellery
 f - an amulet of the acrobat
Wands
 s - a wand of quicksilver (6)
Scrolls
 e - 2 scrolls of teleportation {unknown}
 g - 2 scrolls of torment {unknown}
 i - 3 scrolls of identify {unknown}
 l - 3 scrolls of immolation {unknown}
 n - 3 scrolls of amnesia {unknown}
Potions
 j - a potion of resistance {unknown}
 m - a potion of enlightenment {unknown}
 o - a potion of degeneration
 p - a potion of magic {unknown}


   Skills:
 + Level 7.0 Fighting
 + Level 6.4 Long Blades
 + Level 7.0 Armour
 + Level 5.1 Dodging
 - Level 3.6 Shields


You had 7 spell levels left.
You didn't know any spells.
Your spell library contained the following spells:

 Spells                   Type           Power      Damage    Failure   Level
 Ensorcelled Hibernation  Hex/Ice        0%         N/A       94%         2
 Passwall                 Tmut/Erth      0%         N/A       94%         2
 Ignite Poison            Fire/Tmut/Pois 0%         N/A       99%         3
 Summon Guardian Golem    Hex/Summ       0%         N/A       99%         3
 Swiftness                Air            0%         N/A       99%         3
 Manifold Assault         Tloc           0%         N/A       100%        4
 Sticky Flame             Conj/Fire      0%         2d3       100%        4
 Dispersal                Tloc           0%         N/A       100%        6
 Orb of Destruction       Conj           0%         9d5       100%        7
 Spellforged Servitor     Conj/Summ      0%         N/A       100%        7
 Disjunction              Tloc           0%         N/A       100%        8
 Ignition                 Fire           0%         3d3       100%        8


Dungeon Overview and Level Annotations

Branches:
Dungeon (5/15)             Temple (0/1) D:5

Altars:
Dithmenos
Elyvilon
Makhleb
Nemelex Xobeh
Sif Muna
Vehumet
Xom
Yredelemnul

Shops:
D:4 !

Annotations:
D:3 2 runed translucent doors, gribnar's ghost, amateur DsGl


Innate Abilities, Weirdness & Mutations

You have a pair of horns on your head.
You reflexively headbutt those who attack you in melee.


Message History

You suddenly lose the ability to move!
The water moccasin bites you but does no damage.
The water moccasin bites you but does no damage.
The water moccasin bites you.
You are poisoned.
The water moccasin poisons you!
You feel very sick.
You kill Grinder!
The water moccasin bites you.
You are more poisoned.
The water moccasin poisons you!
The water moccasin bites you but does no damage.
You can move again.
You feel your intelligence returning.
Your Fighting skill increases to level 7!
Your Armour skill increases to level 7!
Your Dodging skill increases to level 5!
You miss the water moccasin.
The water moccasin is almost dead.
* * * LOW HITPOINT WARNING * * *
You feel very sick.
The water moccasin bites you but does no damage.
Unknown command.
You hit the water moccasin.
The water moccasin is almost dead.
* * * LOW HITPOINT WARNING * * *
You feel very sick. The water moccasin bites you!
* * * LOW HITPOINT WARNING * * *
You are more poisoned.
The water moccasin poisons you!
Unknown command.
It was a potion of haste.
You feel yourself speed up.
* * * LOW HITPOINT WARNING * * *
You feel extremely sick.
The water moccasin bites you but does no damage.
The water moccasin barely misses you.
It was a potion of attraction.
You feel attractive to monsters.
You die...

.....# .....# #.....#
.....# #.....+ .....#
#.....#....# #....#
#.....#.... #....+
#.....#...# #|...#
#.....#...# #....#####
#.....#..?+ #........#
#...@.#...# #####....#
#....S#...#
#...#....####.....'...+
'...#<............#..[#
#...#####.........#...#
#....#..#.........#####
##..##..#.........#
##..##..#.........#
........'.....)...#


You could see a water moccasin.

Vanquished Creatures
  Grinder (D:5)
  3 ogres
  2 phantoms (D:4)
  A scorpion (D:5)
  2 jellies (D:4)
  An orc priest (D:3)
  A hound (D:4)
  5 iguanas
  3 iron imps (D:3)
  Jessica (D:2)
  Natasha (thrice) (D:2)
  2 orc wizards
  4 adders
  A white imp (D:5)
  A worm (D:3)
  3 dart slugs
  9 orcs
  8 ball pythons
  3 bats
  8 endoplasms
  2 giant cockroaches (D:4)
  2 goblins (D:1)
  6 jackals (D:1)
  4 quokkas
  3 frilled lizards
  5 kobolds
  A rat (D:3)
85 creatures vanquished.

Notes
Turn   | Place    | Note
-------+----------+-------------------------------------------
     0 | D:1      | dialectric the Minotaur Fighter began the quest for the
                  | Orb.
     0 | D:1      | Reached XP level 1. HP: 19/19 MP: 0/0
   184 | D:1      | Reached XP level 2. HP: 25/27 MP: 1/1
   313 | D:1      | Reached skill level 1 in Dodging
   705 | D:2      | Noticed Natasha
   709 | D:2      | Killed Natasha
   710 | D:2      | Reached XP level 3. HP: 23/33 MP: 2/2
  1060 | D:2      | Noticed Jessica
  1071 | D:2      | Killed Jessica
  1072 | D:2      | Reached XP level 4. HP: 24/41 MP: 3/3
  1159 | D:2      | You fall into a shaft and drop 2 floors!
  1237 | D:4      | Reached XP level 5. HP: 47/47 MP: 4/4
  1245 | D:4      | Found Ocithra's Distillery.
  1300 | D:4      | Noticed an ogre
  1308 | D:4      | Killed an ogre
  1309 | D:4      | Reached skill level 5 in Fighting
  1309 | D:4      | Reached skill level 5 in Armour
  1309 | D:4      | Reached XP level 6. HP: 9/56 MP: 5/5
  1848 | D:4      | Reached skill level 5 in Long Blades
  1848 | D:4      | Reached XP level 7. HP: 56/62 MP: 6/6
  1884 | D:4      | Found a shimmering blue altar of Sif Muna.
  1885 | D:4      | Found a shadowy altar of Dithmenos.
  1891 | D:4      | Found a basalt altar of Yredelemnul.
  1892 | D:4      | Found a white marble altar of Elyvilon.
  1892 | D:4      | Found a sparkling altar of Nemelex Xobeh.
  1892 | D:4      | Found a shimmering altar of Xom.
  1894 | D:4      | Found a radiant altar of Vehumet.
  2627 | D:3      | Found a large runed translucent door.
  2628 | D:3      | Found a large runed translucent door.
  2631 | D:3      | Noticed gribnar's ghost (amateur DsGl)
  2778 | D:3      | Found a burning altar of Makhleb.
  3163 | D:2      | Noticed Natasha
  3173 | D:2      | Killed Natasha
  3190 | D:2      | Found a faded altar of an unknown god.
  3249 | D:2      | Noticed Natasha
  3256 | D:2      | Killed Natasha
  3562 | D:5      | Entered Level 5 of the Dungeon
  3707 | D:5      | Found a staircase to the Ecumenical Temple.
  4090 | D:5      | Reached XP level 8. HP: 53/71 MP: 7/7
  4174 | D:5      | Noticed Grinder
  4179 | D:5      | Paralysed by Grinder for 5 turns
  4192 | D:5      | Paralysed by Grinder for 4 turns
  4195 | D:5      | Killed Grinder
  4196 | D:5      | Reached skill level 5 in Dodging
  4198 | D:5      | HP: 3/73 [poisoned by a water moccasin]
  4199 | D:5      | Succumbed to a water moccasin's poison

Illustrated notes

Levels and vault maps discovered:
D:1:      dpeg_arrival_simpleton_b, layout_basic, st_stairs_9,
          hangedman_decor_clover_reticule
D:2:      layout_basic, hellmonk_ecumenical_altar_heavens_door, uniq_jessica,
          uniq_natasha
D:3:      layout_basic, demons_altar, ebering_ghost_disaster_area
D:4:      layout_basic, minitemple, serial_aquarium, aquarium_bridge_straight
          [aquarium_subvault_bridge, aquarium_subvault_wall,
          aquarium_subvault_bridge, aquarium_subvault_wall],
          aquarium_bridge_island_small [aquarium_subvault_small_open,
          aquarium_subvault_wall, aquarium_subvault_bridge,
          aquarium_subvault_bridge, aquarium_subvault_bridge],
          aquarium_window_fake, aquarium_window_2, aquarium_view_2d,
          aquarium_pool_side, serial_shops, nicolae_shop_tiny_glass,
          kennysheep_generic_room_15
D:5:      layout_gridville, temple_green, kennysheep_opposing_triangles,
          uniq_grinder

Skill      XL: |  1  2  3  4  5  6  7  8 |
---------------+-------------------------+-----
Dodging        | 1 2 3 4 5 |  5.1
Armour         | 4 5 6 7 |  7.0
Fighting       | 4 5 6 7 |  7.0
Long Blades    | 3 4 5 6 |  6.4
Shields        | |  3.6

Action                     |  1- 3 |  4- 6 |  7- 9 || total
---------------------------+-------+-------+-------++-------
  Melee: Long sword        |    60 |       |       ||    60
         Headbutt          |     4 |    19 |    24 ||    47
         Short sword       |    12 |    71 |   124 ||   207
         Punch             |       |     1 |     2 ||     3
    Use: Potion            |       |       |     4 ||     4
 Armour: Scale mail        |    55 |    36 |    94 ||   185
  Dodge: Dodged            |    38 |    32 |    48 ||   118

Table legend: (Time is in decaauts)
 A = Elapsed time spent in this place.
 B = Non-inter-level travel time spent in this place.
 C = Inter-level travel time spent in this place.
 D = Time resting spent in this place.
 E = Time spent auto-exploring this place.
 F = Levels seen in this place.
 G = Mean time per level.
                   A        B        C        D        E       F      G
               +--------+--------+--------+--------+--------+-----+--------+
         Total |   4187 |   3977 |    210 |      0 |   3367 |   5 |  837.4 |
       Dungeon |   4187 |   3977 |    210 |      0 |   3367 |   5 |  837.4 |
               +--------+--------+--------+--------+--------+-----+--------+

Top non-repeatable levels by time:
     D:4: 1067 daAuts
     D:3: 911 daAuts
     D:2: 890 daAuts
     D:1: 691 daAuts
     D:5: 627 daAuts
